 Dungeon Crawl Stone Soup version 0.30.1-11-g7821555f0a (webtiles) character file.

Game seed: 8975842552706701488

2191 Arctor the Covered (level 9, 0/62 (71) HPs)
             Began as a Human Fighter on Jan 12, 2024.
             Was a Follower of Okawaru.
             Slain by a wight
             ... wielding a +0 scimitar
              (4 damage)
             ... on level 7 of the Dungeon.
             The game lasted 00:11:01 (6939 turns).

Arctor the Covered (Human Fighter)                  Turns: 6939, Time: 00:11:02

HP:   0/62 (71)     AC: 15    Str: 21    XL:     9   Next: 59%
MP:   9/9           EV:  6    Int:  8    God:    Okawaru [*.....]
Gold: 365           SH:  7    Dex: 21    Spells: 5/8 levels left

rFire   . . .        a - +0 war axe
rCold   . . .        c - +0 buckler
rNeg    . . .        d - +0 plate armour
rPois   +            e - +0 helmet
rElec   +            i - +0 cloak
rCorr   +            (no gloves)
SInv    .            (no boots)
Will    +....        (no amulet) Stlth
                     h - ring of willpower
HPRegen 0.30/turn    t - ring of Freedom {rElec rPois rCorr Dex+6}
MPRegen 0.11/turn

%: no passive effects
@: heavily drained
A: thin skeletal structure 1, mutation resistance 1
a: Renounce Religion, Heroism


You were on level 7 of the Dungeon.
You worshipped Okawaru.
Okawaru was aware of your devotion.
You visited 2 branches of the dungeon, and saw 8 of its levels.

You collected 365 gold pieces.

Inventory:

Hand Weapons
 a - a +0 war axe (weapon)
 k - a +4 quarterstaff of chaos
 n - a +0 hand axe of freezing
Armour
 c - a +0 buckler (worn)
 d - a +0 plate armour (worn)
 e - a +0 helmet (worn)
 i - a +0 cloak (worn)
Jewellery
 h - a ring of willpower (left hand)
 j - a ring of protection from fire
 t - the ring of Freedom (right hand) {rElec rPois rCorr Dex+6}
   (You found it on level 3 of the Dungeon)

   [ring of dexterity]

   Dex:       It affects your dexterity (+6).
   rElec:     It insulates you from electricity.
   rPois:     It protects you from poison.
   rCorr:     It protects you from acid and corrosion.
Wands
 m - a wand of paralysis (9)
 v - a wand of iceblast (3)
Scrolls
 b - a scroll of identify
 f - 3 scrolls of teleportation
 g - a scroll of vulnerability
 p - 2 scrolls of enchant weapon
 r - a scroll of silence
Potions
 l - a potion of mutation
 o - 2 potions of attraction
 q - a potion of magic


   Skills:
 + Level 6.7 Fighting
 + Level 6.3 Axes
 + Level 6.7 Armour
 + Level 6.7 Shields


You had 5 spell levels left.
You knew the following spells:

 Your Spells              Type           Power      Damage    Failure   Level
a - Beastly Appendage     Tmut           0%         N/A       100%        1
b - Wereblood             Tmut           0%         N/A       100%        2

Your spell library contained the following spells:

 Spells                   Type           Power      Damage    Failure   Level
 Kiss of Death            Conj/Necr      0%         2d5       100%        1
 Shock                    Conj/Air       0%         1d3       100%        1
 Confusing Touch          Hex            0%         N/A       100%        3
 Ignite Poison            Fire/Tmut/Pois 0%         N/A       100%        3
 Spider Form              Tmut/Pois      0%         N/A       100%        3
 Swiftness                Air            0%         N/A       100%        3
 Airstrike                Air            0%         2d(0-16)  100%        4
 Dispel Undead            Necr           0%         3d6       100%        4
 Sticky Flame             Conj/Fire      0%         2d3       100%        4
 Ignition                 Fire           0%         3d3       100%        8


Dungeon Overview and Level Annotations

Branches:
Dungeon (7/15)             Temple (1/1) D:5

Altars:
Dithmenos
Elyvilon
Gozag
Hepliaklqana
Nemelex Xobeh
Okawaru
Sif Muna
Xom
The Shining One

Shops:
D:5 ?


Innate Abilities, Weirdness & Mutations

You have a somewhat thin skeletal structure. (Dex +2, Stealth+)
You are somewhat resistant to further mutation.


Message History

HP restored.
There is a stone staircase leading down, spattered with blood here.
You climb downwards.
A wight comes into view.
It is wielding a +0 scimitar and wearing a +2 robe of willpower.
The wight barely misses you. x2
There is a stone staircase leading up, spattered with blood here.
You see here a bullfrog skeleton.
You hit the wight.
The wight is moderately damaged.
The wight hits you with a +1 morningstar!
You feel drained.
You slash the wight!
You destroy the wight!
Okawaru accepts your kill. The wight hits you with a +0 scimitar!
You feel drained.
A wight comes into view. It is wielding a +0 halberd.
You hit the wight but do no damage. The wight hits you with a +0 scimitar.
The wight hits you from afar with a +0 halberd!
The wight hits you with a +0 scimitar.
You are too injured to fight recklessly!
You are too injured to fight recklessly!
You are too injured to fight recklessly!
Unknown command.
You block the wight's attack.
You slash the wight!
The wight is heavily damaged.
The wight hits you with a +0 scimitar!
You feel drained.
* * * LOW HITPOINT WARNING * * *
You block the wight's attack. The wight attacks as you move away!
The wight hits you with a +0 scimitar!
* * * LOW HITPOINT WARNING * * *
Okay, then.
Okay, then.
The wight attacks as you move away! The wight hits you with a +0 scimitar.
* * * LOW HITPOINT WARNING * * *
Okay, then.
Okay, then.
The wight attacks as you move away! The wight barely misses you.
The wight attacks as you move away! The wight hits you with a +0 scimitar.
You die...

....##..........#
................#
.#..............#
..######....#..## ..#
####.##.########## #.#
#....z......... #.#
#.####.........
#.#########.#####z.......
........[.<)$z..@........
##.#########÷###.........
.§§§§# #........##......
#..............### ......
#./............# ###...
#..?...........# ...
#......z..[....# ..
#....z$..#####..
.........# #.#


You could see 2 wights.

Vanquished Creatures
  A troll (D:5)
  2 steam dragons
  3 ice beasts
  2 ogres
  A phantom (D:5)
  A bullfrog (D:7)
  4 scorpions
  5 wights
  4 howler monkeys
  2 jellies
  A hound (D:5)
  Crazy Yiuf (D:5)
  Natasha (twice) (D:3)
  4 iguanas
  2 orc wizards (D:4)
  A gnoll (D:5)
  4 adders
  A white imp (D:5)
  An ufetubus (D:5)
  3 worms
  A dart slug (D:4)
  6 orcs
  6 ball pythons
  11 endoplasms
  2 giant cockroaches
  4 goblins
  9 hobgoblins
  9 jackals
  6 kobolds
  8 quokkas
  8 bats
  2 frilled lizards (D:1)
  5 rats
122 creatures vanquished.

Vanquished Creatures (others)
  A quokka (D:3)
1 creature vanquished.

Grand Total: 123 creatures vanquished

Notes
Turn   | Place    | Note
-------+----------+-------------------------------------------
     0 | D:1      | Arctor the Human Fighter began the quest for the Orb.
     0 | D:1      | Reached XP level 1. HP: 18/18 MP: 1/1
    64 | D:1      | Reached XP level 2. HP: 21/24 MP: 2/2
   304 | D:1      | Reached XP level 3. HP: 11/29 MP: 3/3
  1197 | D:2      | Reached XP level 4. HP: 35/35 MP: 4/4
  1210 | D:2      | Found a faded altar of an unknown god.
  1646 | D:3      | Found a shimmering altar of Xom.
  1723 | D:3      | Found a white marble altar of Elyvilon.
  1826 | D:3      | Identified the ring of Freedom {rElec rPois rCorr Dex+6}
  1845 | D:3      | Noticed Natasha
  1852 | D:3      | Killed Natasha
  1853 | D:3      | Reached XP level 5. HP: 12/42 MP: 5/5
  2371 | D:3      | Noticed Natasha
  2379 | D:3      | Killed Natasha
  2509 | D:4      | Reached XP level 6. HP: 35/48 MP: 6/6
  3009 | D:5      | Entered Level 5 of the Dungeon
  3094 | D:5      | Reached XP level 7. HP: 11/55 MP: 7/7
  3631 | D:5      | Reached skill level 5 in Armour
  3648 | D:5      | Reached skill level 5 in Fighting
  3648 | D:5      | Reached skill level 5 in Shields
  3648 | D:5      | Reached XP level 8. HP: 49/62 MP: 8/8
  4044 | D:5      | Found a shimmering blue altar of Sif Muna.
  4089 | D:5      | Found a hazy altar of Hepliaklqana.
  4093 | D:5      | Found a shadowy altar of Dithmenos.
  4093 | D:5      | Noticed a shadow
  4235 | D:5      | Found Angum's Magic Scroll Emporium.
  4253 | D:5      | Noticed a troll
  4390 | D:5      | Gained mutation: You are somewhat resistant to further
                  | mutation. [potion of mutation]
  4390 | D:5      | Gained mutation: You have a somewhat thin skeletal
                  | structure. (Dex +2, Stealth+) [potion of mutation]
  4483 | D:5      | Killed a troll
  4484 | D:5      | Reached skill level 5 in Axes
  4722 | D:5      | Found a staircase to the Ecumenical Temple.
  4752 | D:5      | Found a runed translucent door.
  4753 | D:5      | Noticed Crazy Yiuf
  4759 | D:5      | Killed Crazy Yiuf
  5879 | D:6      | Learned a level 1 spell: Beastly Appendage
  5882 | D:6      | Learned a level 2 spell: Wereblood
  6042 | D:6      | Found a glowing golden altar of the Shining One.
  6192 | Temple   | Entered the Ecumenical Temple
  6200 | Temple   | Became a worshipper of Warmaster Okawaru
  6332 | D:7      | Reached XP level 9. HP: 31/69 MP: 9/9
  6692 | D:6      | Reached * piety under Okawaru
  6935 | D:7      | HP: 3/62 [wight/+0 scimitar (4)]
  6939 | D:7      | Slain by a wight

Illustrated notes

Levels and vault maps discovered:
D:1:      dpeg_arrival_leaves_temple_mockup, layout_rooms, hex_tiny,
          serial_park_tiny_pond
D:2:      layout_basic, basic_ecumenical_altar, feat_on_display
D:3:      layout_loops_ring, old_standard_altar, elyvilon_altar_4, uniq_natasha
D:4:      layout_cave_pools
D:5:      minmay_recursive_quarters, layout_rooms,
          riverfiend_overflow_shadow_ancestor, marbit_many_paths,
          minmay_temple_entry_nine_rooms, serial_shops, shop,
          uniq_crazy_yiuf_cottage
D:6:      layout_loops_ring, tso_altar
D:7:      layout_rooms, kennysheep_little_box
Temple:   nicolae_temple_bog_church

Skill      XL: |  1  2  3  4  5  6  7  8  9 |
---------------+----------------------------+-----
Axes           | 3 4 5 6 |  6.3
Fighting       | 4 5 6 |  6.7
Armour         | 4 5 6 |  6.7
Shields        | 4 5 6 |  6.7

Action                     |  1- 3 |  4- 6 |  7- 9 || total
---------------------------+-------+-------+-------++-------
  Melee: War axe           |   112 |   133 |    76 ||   321
         Hand axe          |       |    41 |   151 ||   192
    Use: Scroll            |       |     7 |     5 ||    12
         Potion            |       |     5 |     5 ||    10
 Armour: Scale mail        |    57 |    83 |    10 ||   150
         Plate armour      |       |       |   129 ||   129
         Skin              |       |       |    32 ||    32
  Dodge: Dodged            |    55 |    96 |    75 ||   226
  Block: Buckler           |    31 |    56 |    89 ||   176
